 Dungeon Crawl Stone Soup version 0.31.0-12-g77e489cdc1 (webtiles) character file.

Game seed: 12061421089579138132

7555 raph the Geomancer (level 10, -4/56 HPs)
             Began as a Deep Elf Earth Elementalist on Mar 5, 2024.
             Was a Believer of Ashenzari.
             Slain by a fire elemental (9 damage)
             ... summoned by a deep elf pyromancer
             ... on level 9 of the Dungeon.
             The game lasted 00:20:19 (13189 turns).

raph the Geomancer (Deep Elf Earth Elementalist)   Turns: 13189, Time: 00:20:19

Health: -4/56      AC:  7    Str:  5    XL:     10   Next: 96%
Magic:  9/23       EV: 13    Int: 28    God:    Ashenzari [**....]
Gold:   680        SH:  4    Dex: 10    Spells: 1/24 levels left

rFire   . . .        C - +2 dagger of the Unmoving One {elec, Range, Melee} (curse)
rCold   + . .        q - +0 buckler
rNeg    + . .        r - +2 robe of the Lashed Seer {rN+, Comp, Sorc} (curse)
rPois   +            m - +0 hat of the Prophetic Repose {rPois rCorr Int+3 Dex-5, Sorc, Fort} (curse)
rElec   .            s - +0 cloak
rCorr   +            o - +1 pair of gloves of the Restrained Heavens {Sorc, Bglg} (curse)
SInv    +            (no boots)
Will    +....        (no amulet)
Stlth   ++++         c - ring of protection from cold
HPRegen 0.29/turn    (no ring)
MPRegen 0.18/turn

%: no passive effects
@: about to teleport
A: no striking features
a: Renounce Religion, Curse Item, Shatter the Chains


You were on level 9 of the Dungeon.
You worshipped Ashenzari.
Ashenzari was pleased with you.
You visited 2 branches of the dungeon, and saw 10 of its levels.

You collected 680 gold pieces.

Inventory:

Hand Weapons
 d - a +1 dagger
 x - a +1 dagger of draining
 z - a +2 dagger of draining
 C - the cursed +2 dagger of the Unmoving One (weapon) {elec, Range, Melee}
   (You took it off an orc wizard on level 8 of the Dungeon)

   It has a curse which improves the following skills: Ranged Combat: Ranged
   Weapons and Throwing.
   Melee Combat: Short Blades, Long Blades, Axes, Maces & Flails, Polearms,
   Staves and Unarmed Combat.
Missiles
 b - 2 throwing nets
 n - 34 poisoned darts
Armour
 a - a +1 robe
 m - the cursed +0 hat of the Prophetic Repose (worn) {rPois rCorr Int+3 Dex-5, Sorc, Fort}
   (You found it on level 4 of the Dungeon)

   Int+3:     It affects your intelligence (+3).
   Dex-5:     It affects your dexterity (-5).
   rPois:     It protects you from poison rCorr: It protects you from acid and
   corrosion.
   It has a curse which improves the following skills: Sorcery: Conjurations and
   Alchemy.
   Fortitude: Armour and Shields.
 o - the cursed +1 pair of gloves of the Restrained Heavens (worn) {Sorc, Bglg}
   (You found it on level 3 of the Dungeon)

   It has a curse which improves the following skills: Sorcery: Conjurations and
   Alchemy.
   Beguiling: Hexes and Translocations.
 q - a +0 buckler (worn)
 r - the cursed +2 robe of the Lashed Seer (worn) {rN+, Comp, Sorc}
   (You took it off Jeremiah on level 6 of the Dungeon)

   It has a curse which improves the following skills: Companions: Summonings
   and Necromancy.
   Sorcery:   Conjurations and Alchemy.
 s - a +0 cloak (worn)
 y - +0 steam dragon scales
Jewellery
 c - a ring of protection from cold (left hand)
Wands
 j - a wand of paralysis (14)
 u - a wand of flame (22)
 D - a wand of mindburst (20)
Scrolls
 f - 3 scrolls of immolation
 i - a scroll of teleportation
 p - a scroll of vulnerability
 t - 4 scrolls of enchant weapon
 B - a scroll of torment
Potions
 e - 4 potions of curing
 g - a potion of invisibility
 h - 4 potions of berserk rage
 l - 3 potions of attraction
 v - 2 potions of enlightenment
 w - 3 potions of haste
 A - a potion of lignification
 E - a potion of mutation


   Skills:
 + Level 3.3 Fighting
 + Level 7.3 Dodging
 + Level 8.1 Stealth
 + Level 3.1(4.1) Shields
 + Level 7.8 Spellcasting
 * Level 8.9(11.3) Conjurations
 + Level 4.0(5.1) Hexes
 * Level 9.5 Earth Magic
 + Level 3.3(5.3) Alchemy


You had one spell level left.
You knew the following spells:

 Your Spells              Type           Power      Damage    Failure   Level
a - Sandblast             Erth           100%       2d20      1%          1
b - Passwall              Erth           59%        N/A       1%          3
c - Stone Arrow           Conj/Erth      100%       3d13      1%          3
d - Dazzling Flash        Conj/Hex       100%       N/A       1%          3
e - Brom's Barrelling Bo  Conj/Erth      62%        2d8       1%          4
f - Petrify               Alch/Erth      51%        N/A       4%          4
g - Iskenderun's Battles  Conj           65%        2d11      2%          5

Your spell library contained the following spells:

 Spells                   Type           Power      Damage    Failure   Level
 Sting                    Conj/Alch      100%       1d9       1%          1
 Apportation              Tloc           22%        N/A       8%          1
 Jinxbite                 Hex            78%        N/A       1%          2
 Mercury Vapours          Alch/Air       52%        N/A       4%          2
 Olgreb's Toxic Radiance  Alch           41%        N/A       9%          4
 Fireball                 Conj/Fire      21%        3d10      22%         5
 Volatile Blastmotes      Fire/Tloc      22%        2d11      24%         3
 Alistair's Intoxication  Alch           27%        N/A       26%         5
 Orb of Destruction       Conj           32%        9d10      56%         7
 Conjure Ball Lightning   Conj/Air       21%        3x3d6     77%         6
 Starburst                Conj/Fire      21%        6d7       77%         6
 Maxwell's Capacitive Co  Air            5%         ∞         100%        8


Dungeon Overview and Level Annotations

Branches:
Dungeon (9/15)             Temple (1/1) D:4
   Lair: D:8-11         Orc: D:9-12

Altars:
Ashenzari
Cheibriados
Dithmenos
Elyvilon
Gozag
Hepliaklqana
Kikubaaqudgha
Makhleb
Nemelex Xobeh
Okawaru
Qazlal
Ru
Sif Muna
Trog
Uskayaw
Vehumet
Wu Jian
Xom
Yredelemnul
Zin
The Shining One


Message History

Press: ? - help, Shift-Dir - straight line, f - deep elf pyromancer
Aim: a deep elf pyromancer, wielding a +0 long sword (69% to hit)
The stone arrow misses the deep elf pyromancer.
Your battlesphere fires!
The barrage of energy hits the deep elf archer!
The deep elf archer is moderately wounded.
The deep elf pyromancer hits you with a +0 long sword.
The ice beast barely misses you.
Casting: Stone Arrow (safe; 1% risk of failure)
Confirm with . or Enter, or press ? or * to list all spells.
Aiming: Stone Arrow (safe; 1% risk of failure)
Press: ? - help, Shift-Dir - straight line, f/p - deep elf pyromancer
Aim: a deep elf pyromancer, wielding a +0 long sword (69% to hit)
The stone arrow hits the deep elf pyromancer!!
The deep elf pyromancer is heavily wounded.
Your battlesphere fires!
The barrage of energy hits the deep elf archer!
The deep elf archer is severely wounded.
The deep elf pyromancer mumbles some strange words.
The ice beast closely misses you.
Casting: Stone Arrow (safe; 1% risk of failure)
Confirm with . or Enter, or press ? or * to list all spells.
Aiming: Stone Arrow (safe; 1% risk of failure)
Press: ? - help, Shift-Dir - straight line, f/p - deep elf pyromancer
Aim: a deep elf pyromancer, wielding a +0 long sword (heavily wounded, 69% to hit)
The stone arrow misses the deep elf pyromancer.
The fire elemental disappears in a puff of smoke!
The deep elf pyromancer closely misses you.
The ice beast hits you but does no damage.
The deep elf archer unwields a +0 longbow.
The deep elf archer wields a +0 short sword.
The deep elf archer hits you with a +0 short sword!!
* * * LOW HITPOINT WARNING * * *
You block the fire elemental's attack.
As you read the scroll of teleportation, it crumbles to dust.
You feel strangely unstable. The fire elemental hits you.
The fire elemental burns you!
* * * LOW HITPOINT WARNING * * *
The fire elemental hits you. The fire elemental burns you!
You die...

#..# ####... #..#
#...... #..# #.##...
#..###### #####
#.##### .........
##...####### #.# ###
......###
##.....)....###.###..
).#####
#...*○..###..##.##..#
).# #...E...#
##...^...## ..#
#..E@e..# #########
..# ##..Ye.## {
..##### ###E###
......## #.# .......#
°.. .....### .....
.....# ....... .....#
#.......# .....####
###...###


You could see a deep elf archer (repels missiles), a deep elf pyromancer, 3 fire
elementals, an ice beast and a friendly battlesphere.

Vanquished Creatures
  Harold (D:9)
  A deep elf pyromancer (D:9)
  Jeremiah (D:6)
  Sigmund (D:2)
  2 wyverns (D:9)
  A vampire (D:7)
  6 yaks (D:9)
  A fire bat (D:9)
  2 steam dragons
  A water moccasin (D:7)
  5 ice beasts
  A hornet zombie (D:7)
  An orc warrior (D:7)
  A sky beast (D:6)
  2 ogres (D:5)
  3 black bears
  4 centaurs
  3 kobold brigands
  2 bullfrogs
  A weeping skull (D:5)
  4 scorpions
  A gnoll sergeant (D:8)
  10 wights
  5 killer bees (D:8)
  A howler monkey (D:6)
  4 electric eels (D:7)
  3 bombardier beetles
  3 centaur zombies (D:7)
  A bullfrog zombie (D:7)
  2 jellies
  2 hounds (D:4)
  3 orc priests
  Natasha (thrice) (D:2)
  14 orc wizards
  A sleepcap (D:6)
  3 killer bee zombies (D:7)
  9 gnolls
  4 adders
  A white imp (D:7)
  A dart slug (D:1)
  31 orcs
  7 bats
  5 endoplasms
  10 giant cockroaches
  13 goblins
  13 hobgoblins
  8 jackals
  6 quokkas
  9 ball pythons
  3 frilled lizards
  22 kobolds
  5 rats
  A spectral orc (D:5)
248 creatures vanquished.

Vanquished Creatures (others)
  2 boulders
2 creatures vanquished.

Grand Total: 250 creatures vanquished

Notes
Turn   | Place    | Note
-------+----------+-------------------------------------------
     0 | D:1      | raph the Deep Elf Earth Elementalist began the quest for
                  | the Orb.
     0 | D:1      | Reached XP level 1. HP: 10/10 MP: 6/6
   148 | D:1      | Reached XP level 2. HP: 15/15 MP: 6/8
   505 | D:1      | Reached XP level 3. HP: 19/19 MP: 7/9
   815 | D:2      | Learned a level 3 spell: Passwall
   819 | D:2      | Learned a level 3 spell: Stone Arrow
   872 | D:2      | Noticed Sigmund
   935 | D:2      | Noticed Natasha
   938 | D:2      | Killed Natasha
  1155 | D:2      | Reached skill level 4 in Earth Magic
  1184 | D:2      | Reached XP level 4. HP: 24/24 MP: 9/11
  1560 | D:2      | Noticed Natasha
  1565 | D:2      | Killed Natasha
  1778 | D:2      | Noticed Natasha
  1782 | D:2      | Killed Natasha
  2088 | D:3      | Learned a level 3 spell: Dazzling Flash
  2351 | D:3      | Reached XP level 5. HP: 28/28 MP: 5/12
  2607 | D:3      | Found a faded altar of an unknown god.
  3556 | D:4      | Found a staircase to the Ecumenical Temple.
  3561 | Temple   | Entered the Ecumenical Temple
  3596 | Temple   | Became a worshipper of Ashenzari the Shackled
  3758 | D:4      | Noticed an ice beast
  3766 | D:4      | Killed an ice beast
  4246 | D:4      | Reached XP level 6. HP: 25/32 MP: 9/14
  4395 | D:4      | Reached skill level 5 in Earth Magic
  4703 | D:4      | Identified the +0 hat "Huotaulu" {rPois rCorr Int+3 Dex-5}
  4773 | D:5      | Entered Level 5 of the Dungeon
  4867 | D:5      | Reached XP level 7. HP: 36/36 MP: 2/15
  4975 | D:5      | Found an ancient bone altar of Kikubaaqudgha.
  5274 | D:5      | Found a shimmering altar of Xom.
  5396 | D:5      | Reached skill level 5 in Spellcasting
  5396 | D:5      | Reached skill level 5 in Conjurations
  5396 | D:5      | Reached skill level 6 in Earth Magic
  5494 | D:5      | Found a basalt altar of Yredelemnul.
  5503 | D:5      | Reached skill level 5 in Stealth
  5793 | D:6      | Noticed Jeremiah
  5824 | D:6      | Reached XP level 8. HP: 28/41 MP: 9/17
  5887 | D:6      | Killed Jeremiah
  5888 | D:6      | Reached skill level 5 in Dodging
  6187 | D:6      | Learned a level 4 spell: Brom's Barrelling Boulder
  6331 | D:6      | Reached * piety under Ashenzari
  6766 | D:6      | Reached skill level 7 in Earth Magic
  7524 | D:2      | Killed Sigmund
  7675 | D:7      | Reached skill level 1 in Fighting
  7678 | D:7      | Reached skill level 1 in Shields
  7678 | D:7      | Reached XP level 9. HP: 47/47 MP: 13/20
  7751 | D:7      | Reached ** piety under Ashenzari
  8034 | D:7      | Learned a level 4 spell: Petrify
  8153 | D:7      | Found an ornate altar of the Wu Jian Council.
  8654 | D:7      | Reached skill level 8 in Earth Magic
  8900 | D:7      | Found a faded altar of an unknown god.
  8906 | D:7      | Reached skill level 1 in Hexes
  8906 | D:7      | Found a hazy altar of Hepliaklqana.
  9240 | D:7      | Reached skill level 1 in Alchemy
 10720 | D:8      | Reached XP level 10. HP: 40/53 MP: 13/22
 11428 | D:8      | Identified the +5 ring mail of Liberty {*Slow rC++ rCorr
                  | Int+3}
 11733 | D:9      | Noticed Harold
 11828 | D:9      | HP: 1/54 [Harold/+0 hand axe (4)]
 11831 | D:9      | Killed Harold
 11953 | D:9      | Found a stormy altar of Qazlal.
 11954 | D:9      | Found a bloodstained altar of Trog.
 11963 | D:9      | Reached skill level 9 in Earth Magic
 12005 | D:9      | Found a radiant altar of Vehumet.
 12295 | D:9      | Learned a level 5 spell: Iskenderun's Battlesphere
 12625 | D:9      | Found a hide-covered altar of Uskayaw.
 12979 | D:9      | Noticed a deep elf pyromancer
 12987 | D:9      | Killed a deep elf pyromancer
 13181 | D:9      | Noticed a deep elf pyromancer
 13181 | D:9      | Noticed a deep elf archer
 13189 | D:9      | Slain by a fire elemental

Illustrated notes

Levels and vault maps discovered:
D:1:      roderic_octagonal_star, layout_rooms, kennysheep_small_spiral,
          minmay_misc_feat_chi
D:2:      layout_basic, uniq_sigmund, uniq_natasha
D:3:      layout_loops_corners, chequers_ecumenical_altar_simple
D:4:      layout_loops_ring, minmay_temple_entry_sparse_star,
          serial_co_window_serial, co_window_paths_b, co_window_corner_a,
          co_window_corner_a, co_window_of_opportunity_a, co_window_paths_b,
          co_window_corner_ca, co_window_corner_b, co_window_2corner,
          co_window_cross_3, co_window_paths_d, glass_columns_a,
          glass_columns_b, glass_columns_a, glass_columns_b, glass_columns_c,
          minmay_quantized
D:5:      layout_cave_pools, mainiacjoe_overflow_24_doors, kennysheep_mini_moat,
          yredelemnul_forgotten_temple_becter
D:6:      corexii_shantytown, layout_gridville, chequers_serial_rivers_micro_b,
          chequers_serial_rivers_room_b, uniq_jeremiah
D:7:      layout_loops_ring, beargit_hepliaklqana_dungeon_heroes,
          kennysheep_little_box, serial_undead, serial_undead_e,
          serial_undead_d, serial_undead_a, serial_undead_a, st_stairs_7,
          kennysheep_boxes
D:8:      layout_gridville, kennysheep_pointless_box, minmay_misc_feat_square
D:9:      dpeg_index_elf_rogue_hall, layout_small_grid,
          nicolae_uskayaw_dance_studio, fiery_altar_vehumet,
          mainiacjoe_overflow_divided_tiny, kennysheep_generic_room_12,
          uniq_harold
Temple:   nicolae_temple_godzebo

Skill      XL: |  1  2  3  4  5  6  7  8  9 10 |
---------------+-------------------------------+-----
Stealth        | 3 4 5 6 7 8 |  8.1
Conjurations   | 2 3 4 5 6 7 8 |  8.9
Earth Magic    | 4 5 6 7 8 9 |  9.5
Dodging        | 3 4 5 6 7 |  7.3
Spellcasting   | 4 5 6 7 |  7.8
Fighting       | 1 2 3 |  3.3
Shields        | 1 2 3 |  3.1
Hexes          | 2 4 |  4.0
Alchemy        | 1 3 |  3.3

Action                     |  1- 3 |  4- 6 |  7- 9 | 10-12 || total
---------------------------+-------+-------+-------+-------++-------
  Melee: Dagger            |       |       |     1 |     1 ||     2
   Cast: Sandblast         |    43 |    28 |    63 |    28 ||   162
         Stone Arrow       |       |    42 |   114 |    51 ||   207
         Brom's Barrelling |       |       |     6 |     4 ||    10
         Petrify           |       |       |     2 |     2 ||     4
         Iskenderun's Batt |       |       |       |     7 ||     7
 Invoke: Curse Item        |       |       |     3 |     1 ||     4
  Evoke: Wand              |       |       |     1 |       ||     1
    Use: Scroll            |     3 |    10 |     3 |     1 ||    17
         Potion            |       |       |       |     6 ||     6
 Armour: Robe              |     7 |     9 |    29 |    46 ||    91
  Dodge: Dodged            |    12 |    11 |    29 |    26 ||    78
  Block: Buckler           |       |       |     5 |     7 ||    12
